 Dungeon Crawl Stone Soup version 0.29.1-1-gd02db6906a (webtiles) character file.

Game seed: 12561599911721672138

544971 raistware the Sorcerer (level 26, -31/148 (169) HPs)
             Began as an Octopode Conjurer on Oct 3, 2022.
             Was the Champion of Vehumet.
             Killed from afar by a wendigo (53 damage)
             ... with a seracfall
             ... on level 5 of Cocytus on Oct 5, 2022.
             The game lasted 07:21:30 (84848 turns).

raistware the Sorcerer (Octopode Conjurer)         Turns: 84848, Time: 07:21:31

HP:   -31/148 (169) AC:  2    Str:  9    XL:     26   Next: 11%
MP:   52/59         EV: 27    Int: 51    God:    Vehumet [******]
Gold: 2674          SH: 19    Dex: 20    Spells: 10/72 levels left

rFire   + + +      SeeInvis +   a - staff of conjuration
rCold   + + .      Faith    .   t - +5 kite shield {reflect}
rNeg    + + +      Spirit   .   s - +1 hat of Ybby Hafuged {Int+2}
rPois   .          Reflect  +   f - amulet of Mutrikipn {Acrobat Int+7}
rElec   .          Harm     .   n - ring of protection from cold
rCorr   .          Rampage  .   B - +6 ring of intelligence
Will    ++++.      Rage     3%  v - ring of protection from cold
Stlth   +++.......              K - ring of protection from fire
HPRegen 0.34/turn               L - ring of protection from fire
MPRegen 0.36/turn               l - ring "Qucwyah" {rN+++ Str-3 Int+4 Dex+5 SInv}
                                p - ring "Ochu" {rF+ Will+++ EV+4 Int+2 Stlth-}
                                c - ring "Qukkapt" {MP+9 Str+4 Int+4}

@: marked, studying Dodging, heavily drained, unable to drink
A: almost no armour, amphibious, 8 rings, camouflage 1, gelatinous body 1,
(nimble swimmer 1), tentacles, berserk 1
}: 3/15 runes: decaying, slimy, gossamer
a: Renounce Religion


You were on level 5 of Cocytus.
You worshipped Vehumet.
Vehumet was exalted by your worship.
You visited 13 branches of the dungeon, and saw 56 of its levels.
You visited 1 bazaar.
You also visited: Trove, Ossuary, Ice Cave and Volcano.

You collected 13440 gold pieces.
You spent 10766 gold pieces at shops.

Inventory:

Hand Weapons
 b - the +9 hand axe of Cuomun {pain, rPois rCorr Dex+3}
   (You found it on level 4 of the Swamp)

   In the hands of one skilled in necromantic magic, it inflicts extra damage on
   living creatures.
   Dex:       It affects your dexterity (+3).
   rPois:     It protects you from poison.
   rCorr:     It protects you from acid and corrosion.
Missiles
 P - 5 boomerangs of dispersal
 Q - 6 silver javelins
 S - 3 throwing nets
Armour
 s - the +1 hat of Ybby Hafuged (worn) {Int+2}
   (You acquired it on level 11 of the Dungeon)

   Int:       It affects your intelligence (+2).
 t - a +5 kite shield of reflection (worn)
Magical Staves
 a - a staff of conjuration (weapon)
Jewellery
 c - the ring "Qukkapt" (on tentacle) {MP+9 Str+4 Int+4}
   (You found it on level 2 of the Swamp)

   [ring of magical power]

   Str:       It affects your strength (+4).
   Int:       It affects your intelligence (+4).
   MP:        It affects your magic capacity (+9).
 f - the amulet of Mutrikipn (around mantle) {Acrobat Int+7}
   (You took it off an ironbound preserver on level 2 of the Vaults)

   [amulet of the acrobat]

   It increases your evasion while moving and waiting.
   Int:       It affects your intelligence (+7).
 l - the ring "Qucwyah" (on tentacle) {rN+++ Str-3 Int+4 Dex+5 SInv}
   (You took it off a deep elf pyromancer on level 1 of the Elven Halls)

   [ring of see invisible]

   Str:       It affects your strength (-3).
   Int:       It affects your intelligence (+4).
   Dex:       It affects your dexterity (+5).
   rN:        It renders you almost immune to negative energy.
   SInv:      It lets you see invisible.
 n - a ring of protection from cold (left tentacle)
 p - the ring "Ochu" (on tentacle) {rF+ Will+++ EV+4 Int+2 Stlth-}
   (You bought it in a shop on level 1 of the Depths)

   [ring of evasion]

   EV:        It affects your evasion (+4).
   Int:       It affects your intelligence (+2).
   rF:        It protects you from fire.
   Will:      It greatly increases your willpower.
   Stlth:     It makes you less stealthy.
 u - a ring of wizardry
 v - a ring of protection from cold (on tentacle)
 B - a +6 ring of intelligence (right tentacle)
 C - a +6 ring of intelligence
 K - a ring of protection from fire (on tentacle)
 L - a ring of protection from fire (on tentacle)
 N - an amulet of magic regeneration
 U - a ring of flight
Wands
 g - a wand of polymorph (20)
 o - a wand of roots (34)
 F - a wand of mindburst (15)
 H - a wand of digging (30)
 J - a wand of paralysis (25)
 R - a wand of quicksilver (1)
Scrolls
 d - a scroll of enchant weapon
 e - 11 scrolls of blinking
 m - 6 scrolls of enchant armour
 q - 4 scrolls of amnesia
 r - 11 scrolls of butterflies
 x - 9 scrolls of magic mapping
 y - 8 scrolls of fear
 z - 38 scrolls of teleportation
 D - 9 scrolls of vulnerability
 Z - 4 scrolls of summoning
Potions
 h - 13 potions of haste
 i - 8 potions of ambrosia
 j - 2 potions of resistance
 k - 5 potions of invisibility
 w - 13 potions of flight
 A - a potion of berserk rage
 E - 6 potions of heal wounds
 G - 21 potions of curing
 I - 6 potions of brilliance
 M - 3 potions of cancellation
 T - 7 potions of magic
 V - 12 potions of lignification
 W - 8 potions of might
 Y - 13 potions of mutation


   Skills:
 + Level 11.3 Fighting
 - Level 4.0 Throwing
 + Level 15.5 Dodging
 - Level 4.0 Stealth
 * Level 14.4 Shields
 * Level 23.5 Spellcasting
 - Level 22.0 Conjurations
 - Level 2.0 Summonings
 - Level 3.0 Translocations
 - Level 8.0 Transmutations
 * Level 15.0 Fire Magic
 + Level 15.5 Ice Magic
 - Level 8.0 Evocations


You had 10 spell levels left.
You knew the following spells:

 Your Spells              Type           Power      Damage    Failure   Level
a - Magic Dart            Conj           100%       1d8       0%          1
b - Iskenderun's Mystic   Conj/Tloc      100%       2d19      0%          4
c - Irradiate             Conj/Tmut      72%        3d35      0%          5
d - Ignition              Fire           59%        3d16      1%          8
e - Spellforged Servitor  Conj/Summ      67%        N/A       1%          7
f - Freezing Cloud        Conj/Ice/Air   68%        6-21      1%          5
g - Iron Shot             Conj/Erth      65%        9d12      1%          6
h - Fireball              Conj/Fire      77%        3d29      0%          5
q - Blink                 Tloc           100%       N/A       1%          2
z - Apportation           Tloc           100%       N/A       1%          1
F - Fire Storm            Conj/Fire      77%        8d19      5%          9
P - Polar Vortex          Ice            60%        N/A       17%         9

Your spell library contained the following spells:

 Spells                   Type           Power      Damage    Failure   Level
 Foxfire                  Conj/Fire      100%       2x1d9     0%          1
 Freeze                   Ice            100%       1d11      0%          1
 Scorch                   Fire           100%       2d10      0%          2
 Searing Ray              Conj           100%       2d8       0%          2
 Conjure Flame            Conj/Fire      100%       6-21      0%          3
 Dazzling Flash           Conj/Hex       100%       N/A       0%          3
 Ozocubu's Armour         Ice            100%       N/A       0%          3
 Flame Wave               Conj/Fire      100%       2d21      0%          4
 Sticky Flame             Conj/Fire      100%       2d11      0%          4
 Iskenderun's Battlesphe  Conj           100%       2d15      0%          5
 Necrotise                Necr           100%       1d9       1%          1
 Sandblast                Erth           100%       2d20      1%          1
 Slow                     Hex            100%       N/A       1%          1
 Call Imp                 Summ           69%        N/A       1%          2
 Ensorcelled Hibernation  Hex/Ice        100%       N/A       1%          2
 Passwall                 Tmut/Erth      65%        N/A       1%          2
 Sublimation of Blood     Necr           56%        N/A       1%          2
 Confusing Touch          Hex            56%        N/A       1%          3
 Ignite Poison            Fire/Tmut/Pois 95%        N/A       1%          3
 Inner Flame              Hex/Fire       95%        N/A       1%          3
 Lesser Beckoning         Tloc           74%        N/A       1%          3
 Mephitic Cloud           Conj/Pois/Air  100%       N/A       1%          3
 Portal Projectile        Hex/Tloc       100%       N/A       1%          3
 Swiftness                Air            56%        N/A       1%          3
 Tukima's Dance           Hex            56%        N/A       1%          3
 Vampiric Draining        Necr           56%        2d10      1%          3
 Airstrike                Air            28%        2d(4-20)  1%          4
 Fulminant Prism          Conj/Hex       65%        3d28      1%          4
 Ice Form                 Ice/Tmut       100%       N/A       1%          4
 Olgreb's Toxic Radiance  Pois           56%        N/A       1%          4
 Passage of Golubria      Tloc           74%        N/A       1%          4
 Petrify                  Tmut/Erth      79%        N/A       1%          4
 Alistair's Intoxication  Tmut/Pois      52%        N/A       1%          5
 Blade Hands              Tmut           48%        N/A       1%          5
 Lightning Bolt           Conj/Air       65%        1d89      1%          5
 Metabolic Englaciation   Hex/Ice        48%        N/A       1%          5
 Yara's Violent Unravell  Hex/Tmut       39%        3d16      1%          5
 Conjure Ball Lightning   Conj/Air       65%        3x3d23    1%          6
 Starburst                Conj/Fire      77%        6d20      1%          6
 Ozocubu's Refrigeration  Ice            60%        4d20      1%          7
 Summon Lightning Spire   Summ/Air       63%        N/A       2%          4
 Simulacrum               Ice/Necr       48%        N/A       2%          6
 Anguish                  Hex/Necr       28%        N/A       3%          4
 Animate Dead             Necr           56%        N/A       3%          4
 Cause Fear               Hex            28%        N/A       3%          4
 Corpse Rot               Necr/Pois/Air  56%        N/A       3%          4
 Dispel Undead            Necr           56%        3d20      3%          4
 Leda's Liquefaction      Hex/Erth       28%        N/A       3%          4
 Lee's Rapid Deconstruct  Erth           28%        3d16*     3%          5
 Manifold Assault         Tloc           74%        N/A       3%          5
 Summon Forest            Summ/Tloc      35%        N/A       3%          5
 Eringya's Noxious Bog    Tmut/Pois      39%        N/A       3%          6
 Lehudib's Crystal Spear  Conj/Erth      65%        10d15     7%          8
 Agony                    Necr           56%        N/A       11%         5
 Borgnjor's Vile Clutch   Necr/Erth      28%        N/A       11%         5
 Silence                  Hex/Air        28%        N/A       11%         5
 Statue Form              Tmut/Erth      52%        N/A       11%         6
 Dragon Form              Tmut           48%        N/A       12%         7
 Death Channel            Necr           28%        N/A       50%         6
 Storm Form               Tmut/Air       39%        N/A       52%         7
 Chain Lightning          Conj/Air       65%        3d87      67%         9
 Haunt                    Necr/Summ      31%        N/A       91%         7
 Enfeeble                 Hex            28%        N/A       97%         7
 Maxwell's Capacitive Co  Air            28%        ∞         99%         8
 Necromutation            Tmut/Necr      39%        N/A       99%         8
 Borgnjor's Revivificati  Necr           28%        N/A       100%        8
 Discord                  Hex            28%        N/A       100%        8
 Infestation              Necr           28%        N/A       100%        8
 Death's Door             Necr           28%        N/A       100%        9
 Shatter                  Erth           28%        3d23*     100%        9


Dungeon Overview and Level Annotations

Branches:
Dungeon (15/15)            Temple (1/1) D:4            Lair (5/5) D:11
  Swamp (4/4) Lair:3       Spider (4/4) Lair:2        Slime (5/5) Lair:5
    Orc (2/2) D:12            Elf (3/3) Orc:2        Vaults (4/5) D:13
  Crypt (3/3) Vaults:2       Tomb (0/3) Crypt:3      Depths (4/4) D:15
   Hell (visited)             Dis (0/7) Hell            Geh (0/7) Hell
    Coc (5/7) Hell            Tar (0/7) Hell            Zot (0/5) Depths:4
Ossuary (visited)           IceCv (visited)         Volcano (visited)

Altars:
Ashenzari
Cheibriados
Dithmenos
Elyvilon
Fedhas
Gozag
Hepliaklqana
Kikubaaqudgha
Makhleb
Nemelex Xobeh
Okawaru
Qazlal
Ru
Sif Muna
Trog
Uskayaw
Vehumet
Wu Jian
Xom
Yredelemnul
Zin
The Shining One
Jiyva

Shops:
D:1 =:[([   D:6 ?(*[:   D:8 ?:   D:11 [[?*   D:12 :   Orc:2 *(:[(   Elf:2 =:=
Vaults:3 (*[*=   Depths:1 (=*

Portals:
Hell: Depths:1 Depths:2 Depths:3 Depths:4
Abyss: Depths:2 Depths:3
Pandemonium: Depths:2 Depths:3
Ziggurat: Depths:4

Annotations:
Elf:2 5 runed translucent doors, exclusion: 5 doors


Innate Abilities, Weirdness & Mutations

You cannot wear most types of armour.
You are amphibious.
You can wear up to eight rings at the same time.
Your skin changes colour to match your surroundings (Stealth+).
Your rubbery body absorbs attacks. (AC +1, EV +1)
((You are camouflaged when in or above water. (Stealth+)))
You have tentacles for arms and can constrict up to eight enemies at once.
You sometimes lose your temper in combat.


Message History

The mass of ice explodes!
The seracfall engulfs you!!! You partially resist.
* * * LOW HITPOINT WARNING * * *
The seracfall engulfs the stone giant simulacrum!!
The stone giant simulacrum partially resists.
The shard shrike is engulfed in a cloud of scalding steam.
Your spellforged servitor points at the stone giant simulacrum and mumbles some strange words.
The iron shot hits the stone giant simulacrum!!!
The stone giant simulacrum vaporises!
Vehumet accepts your kill.
Unknown command.
Casting: Fire Storm (dangerous; 5% risk of failure)
Confirm with . or Enter, or press ? or * to list all spells.
Aiming: Fire Storm (dangerous; 5% risk of failure)
Press: ? - help, Dir - move target You feel a surge of power!
A raging storm of fire appears!
The great blast of fire engulfs the shard shrike simulacrum!!!
The shard shrike simulacrum melts!
The shard shrike simulacrum is almost destroyed.
The great blast of fire engulfs the shard shrike!!!
You kill the shard shrike!
Vehumet accepts your kill.
You feel your power returning. Vehumet accepts your kill.
You feel your power returning.
You feel a bit more experienced.
The shard shrike simulacrum claws your spellforged servitor!
The shard shrike simulacrum freezes your spellforged servitor!
Your spellforged servitor resists.
Vehumet accepts your kill.
You feel your power returning.
You feel a bit more experienced.
The shard shrike simulacrum claws your spellforged servitor but does no damage.
A titan comes into view.
The frost giant points at you and mumbles some strange words.
The bolt of cold hits you! You resist.
* * * LOW HITPOINT WARNING * * *
An ettin simulacrum comes into view.
An iron giant simulacrum comes into view.
The wendigo gestures.
The anaconda simulacrum collapses into a mass of ice!
The mass of ice explodes!
The seracfall engulfs you!!! You partially resist.
You die...

.≈≈≈≈..≈≈≈####≈
.≈≈≈≈...≈≈≈≈≈≈≈
..≈≈..○.≈≈≈v§..
..≈≈^...≈≈○○°v○
..≈≈......v○v○Z
..R.....>.°§§§≈
Z§.......v§§§§≈
≈≈≈ZZ9°@≈§§§§§.
≈≈≈≈..○.≈§§○ZR.
≈≈≈○...v.v☼☼○§Z
≈≈C..≈≈≈.○☼vv☼§
≈≈≈..≈≈≈.°.≈§§≈
≈≈≈.≈≈≈≈.°○≈§§≈
≈≈..≈≈≈≈≈○.§≈##
≈≈.C≈##≈§.v≈≈#


You could see a titan, a frost giant, a wendigo, an ettin simulacrum, an iron
giant simulacrum, 2 shard shrike simulacra, a friendly spellforged servitor
(summoned) and 10 friendly fire vortices.

Vanquished Creatures
  the Royal Jelly (Slime:5)
  Dissolution (Slime:3)
  A dread lich (Crypt:2)
  Mennas (Depths:4)
  An ancient lich (Vaults:3)
  3 shard shrikes (Coc:5)
  Margery (Depths:3)
  Geryon (Hell)
  A bone dragon (Vaults:2)
  Nikola (Spider:3)
  A profane servitor (Crypt:3)
  4 tentacled monstrosities
  Rupert (D:14)
  2 Ice Fiends (Coc:1)
  Mlioglotl (Swamp:2)
  A walking divine tome (Depths:2)
  2 liches
  5 searing wretches (Hell)
  A walking earthen tome (Depths:3)
  A deep elf blademaster (Elf:3)
  11 acid blobs
  A walking frostbound tome (Depths:2)
  2 deep elf master archers (Elf:3)
  2 titans
  8 ancient champions
  Gastronok (Lair:2)
  2 thorn hunters
  2 storm dragons
  2 tengu reavers
  Kirke (Swamp:2)
  2 shadow dragons
  Roxanne (D:15)
  3 fire giants
  8 rockslimes
  A draconian monk (Depths:4)
  11 revenants
  The ghost of Yamstis the Nimble, an adept GnMo of Makhleb (D:15)
  Donald (Spider:1)
  5 narguns
  12 azure jellies
  3 frost giants
  7 vault wardens
  A cacodemon (Depths:3)
  9 ghouls
  3 emperor scorpions
  An iron dragon (Depths:3)
  A balrug (Depths:4)
  4 deep elf sorcerers
  2 orc warlords
  A spectral juggernaut (D:15)
  3 shard shrike simulacra
  Aizul (Elf:1)
  A caustic shrike zombie (Depths:3)
  A draconian annihilator (Depths:4)
  2 reapers
  A broodmother (Spider:4)
  2 ghost moths (Spider:4)
  A caustic shrike skeleton (Crypt:3)
  13 ironbound preservers
  A juggernaut skeleton (Crypt:2)
  9 stone giants
  A war gargoyle (Vaults:4)
  10 quicksilver oozes
  5 deep elf demonologists
  6 very ugly things
  8 vampire knights
  3 ironbound thunderhulks
  5 elemental wellsprings
  A green draconian (Depths:4)
  4 eleionomae
  4 bunyips
  6 wendigos
  6 deep elf annihilators
  A black draconian (Depths:4)
  A purple draconian (Depths:4)
  3 dire elephants
  An entropy weaver (Spider:2)
  2 spark wasps (Depths:3)
  Snorg (D:14)
  2 deep elf death magi
  6 ettins
  10 jiangshi
  A merfolk javelineer (Depths:2)
  3 yaktaur captains
  9 great orbs of eyes
  7 deep elf high priests
  A fire dragon (Depths:4)
  A fenstrider witch zombie (Crypt:2)
  4 boulder beetles
  2 rakshasas (Depths:3)
  Harold (D:10)
  3 caustic shrike simulacra
  5 ice dragons
  A ghost crab (Swamp:4)
  3 vault guards
  6 ironbound frosthearts
  4 radroaches
  A jorogumo (Spider:1)
  An ogre mage (Vaults:4)
  13 centaur warriors
  A quicksilver dragon skeleton (Depths:3)
  21 hydras
  A spriggan air mage (Depths:4)
  3 peacekeepers
  A spriggan skeleton (Depths:3)
  Erica (D:8)
  A juggernaut simulacrum (Coc:4)
  2 catoblepae
  4 two-headed ogres
  19 dancing weapons
  A stoker (Hell)
  A tengu warrior (Depths:4)
  6 deep troll shamans
  A hell hog (Volcano)
  2 alligators
  8 spriggan berserkers
  16 death yaks
  12 deep troll earth magi
  6 vampire magi
  Urug (D:10)
  A storm dragon zombie (Depths:3)
  11 deep elf knights
  10 sun demons
  Nergalle (Lair:3)
  10 hell knights
  A titan skeleton (Depths:3)
  4 soul eaters
  22 skeletal warriors
  A spectral spark wasp (D:15)
  A bunyip zombie (Crypt:2)
  4 goliath frogs
  3 iron trolls
  3 quicksilver dragon simulacra
  4 spriggan druids
  A storm dragon skeleton (Depths:3)
  A sun moth (Spider:3)
  8 flayed ghosts
  A salamander mystic (Depths:4)
  A sea snake (shapeshifter) (Vaults:3)
  2 pharaoh ants
  6 shadow wraiths
  3 glowing orange brains
  48 deep trolls
  A steelbarb worm (shapeshifter) (Depths:2)
  11 swamp dragons
  4 steelbarb worms
  2 orb spiders
  9 bog bodies
  An orange crystal statue (D:9)
  A wizard (Vaults:1)
  The ghost of PanSaczeczos the Cutter, a novice KoAK of Lugonu (D:5)
  An iron dragon zombie (D:15)
  25 deep elf pyromancers
  10 ironbound convokers
  Pikel (D:7)
  A tengu zombie (D:15)
  3 phantasmal warriors
  18 deep elf archers
  2 anaconda skeletons
  30 deep elf zephyrmancers
  14 orc knights
  4 lindwurms
  5 necromancers
  4 shining eyes
  14 wolf spiders
  A tengu skeleton (Depths:3)
  4 manticores (D:12)
  An orc sorcerer (Orc:2)
  A salamander (Depths:4)
  2 cyclopes
  3 will-o-the-wisps
  A moth of wrath (Spider:3)
  A frost giant zombie (D:15)
  A spectral ettin (D:15)
  19 ugly things
  15 elephants
  A goliath frog skeleton (Crypt:2)
  A sphinx skeleton (D:15)
  A fire giant skeleton (Depths:3)
  5 rust devils
  6 torpor snails
  A water nymph (shapeshifter) (Elf:3)
  2 titan simulacra
  3 black mambas
  3 eyes of devastation
  A guardian serpent (shapeshifter) (Vaults:2)
  7 vault sentinels
  12 cane toads
  4 demonic crawlers
  A gargoyle (D:12)
  6 rime drakes
  23 yaktaurs
  An unseen horror (D:13)
  An efreet (D:15)
  6 hellions
  A dire elephant skeleton (Crypt:3)
  3 kobold demonologists (D:11)
  A tengu conjurer (Depths:4)
  An unseen horror zombie (Crypt:3)
  5 komodo dragons
  A tormentor (Coc:5)
  An anaconda simulacrum (Coc:3)
  A freezing wraith (Coc:1)
  A golden dragon simulacrum (Hell)
  A mana viper zombie (Crypt:2)
  An alligator snapping turtle skeleton (Crypt:1)
  A harpy zombie (Crypt:3)
  A hellwing (Depths:2)
  7 polar bears
  3 bloated husks
  9 tyrant leeches
  A merfolk (shapeshifter) (Vaults:4)
  2 nameless horrors (Elf:3)
  Grinder (D:6)
  5 trolls
  14 tarantellas
  12 hornets
  3 iron dragon simulacra
  9 blink frogs (Lair:1)
  70 slime creatures
  A hydra skeleton (Crypt:1)
  5 dream sheep (Lair:5)
  A great orb of eyes zombie (Crypt:1)
  A stone giant simulacrum (Coc:1)
  8 flying skulls
  2 naga simulacra
  26 spriggans
  3 dire elephant simulacra
  8 culicivoras
  Sigmund (D:6)
  An air elemental (Elf:3)
  A shadow (D:12)
  2 vampires (Crypt:3)
  An alligator skeleton (Crypt:2)
  12 jumping spiders
  A ynoxinul (Depths:2)
  5 water elementals
  9 wraiths
  6 fire elementals
  A yak (shapeshifter) (Elf:3)
  7 wyverns
  4 humans (D:13)
  A basilisk (Lair:5)
  3 golden eyes (Slime:1)
  19 redbacks
  52 yaks
  2 alligator snapping turtle simulacra
  4 fire bats (Volcano)
  A chaos spawn (Depths:2)
  2 hogs (Swamp:2)
  5 steam dragons
  14 vampire mosquitoes
  15 swamp worms
  10 wargs (Orc:2)
  A human zombie (Depths:3)
  9 harpy simulacra
  2 glowing shapeshifter zombies
  8 water moccasins
  7 hell hounds
  A glowing shapeshifter skeleton (Depths:3)
  A naga skeleton (Crypt:2)
  40 orc warriors
  6 swamp drakes
  2 ice beasts
  A sky beast (D:8)
  8 black bears
  A floating eye zombie (Depths:3)
  2 spriggan simulacra
  7 boggarts
  25 wolves
  4 ettin simulacra
  7 ogres
  A lemure (D:7)
  9 centaurs
  3 phantoms (D:4)
  Blork the orc (D:3)
  17 bullfrogs
  A komodo dragon zombie (Crypt:1)
  3 kobold brigands (D:11)
  2 earth elementals
  A water moccasin zombie (D:4)
  9 necrophages
  3 scorpions
  A cyclops skeleton (Orc:1)
  A floating eye simulacrum (D:15)
  A raiju zombie (Crypt:1)
  14 killer bees
  5 howler monkeys
  A swamp dragon simulacrum (Coc:1)
  A troll skeleton (Orc:1)
  An electric eel (D:14)
  A bullfrog zombie (D:4)
  2 gnoll boudas
  4 hounds
  15 orc priests
  A bullfrog skeleton (Crypt:1)
  3 jellies
  4 iguanas
  Terence (D:2)
  18 orc wizards
  2 scorpion zombies (D:4)
  6 hell rats (Lair:1)
  A killer bee zombie (Crypt:2)
  An ogre skeleton (Orc:1)
  2 hound zombies (D:4)
  2 hound skeletons
  A mummy (Ossuary)
  3 gnolls (D:3)
  2 orc zombies (Orc:1)
  4 adders
  2 shadow imps
  10 white imps
  2 ufetubi
  An adder zombie (Crypt:3)
  An iguana skeleton (Crypt:3)
  A worm zombie (D:5)
  An adder skeleton (D:4)
  2 worms
  3 dart slugs
  111 orcs
  9 endoplasms
  2 giant cockroaches (D:4)
  6 goblins
  5 hobgoblins
  4 quokkas
  6 ball pythons
  6 bats
  3 frilled lizards
  8 gnoll skeletons (Ossuary)
  10 kobolds
  4 kobold skeletons (Ossuary)
  14 orc skeletons
  A quokka zombie (D:4)
  4 rats
  6 briar patches (Swamp:4)
  13 fire vortices
1782 creatures vanquished.

Vanquished Creatures (collateral kills)
  A juggernaut (Depths:2)
  A profane servitor (Crypt:3)
  A titan (Coc:3)
  A deep elf blademaster (Elf:3)
  An ancient champion (Crypt:3)
  8 acid blobs
  A sphinx (Vaults:4)
  A tengu reaver (Vaults:1)
  A storm dragon (Depths:4)
  A revenant (Crypt:1)
  An azure jelly (Slime:5)
  2 fire giants (Depths:2)
  2 rockslimes
  A caustic shrike zombie (Crypt:2)
  2 narguns
  2 frost giants
  3 deep elf sorcerers (Elf:3)
  An orc warlord (Vaults:1)
  2 vault wardens (Vaults:1)
  2 deep elf elementalists (Elf:3)
  A juggernaut zombie (Depths:3)
  5 ironbound preservers
  7 ghouls
  2 juggernaut skeletons
  5 stone giants
  5 very ugly things
  A war gargoyle (Hell)
  3 ironbound thunderhulks
  3 deep elf demonologists (Elf:3)
  2 entropy weavers
  4 vampire knights
  A yellow draconian (Depths:4)
  4 dire elephants
  A white draconian (Depths:4)
  6 deep elf annihilators (Elf:3)
  4 deep elf death magi (Elf:3)
  3 jiangshi
  2 ettins
  2 shambling mangroves (Swamp:4)
  2 fire dragons
  2 yaktaur captains (Vaults:2)
  A deep elf high priest (Vaults:1)
  A spriggan zombie (Depths:3)
  A vault guard (D:13)
  A boulder beetle (Vaults:2)
  7 great orbs of eyes
  A death knight (D:14)
  3 caustic shrike simulacra
  2 ironbound frosthearts
  3 hydras
  4 centaur warriors
  A juggernaut simulacrum (Coc:3)
  A radroach (Spider:2)
  2 titan zombies (Crypt:3)
  4 death yaks (IceCv)
  2 hell knights
  A deep elf knight (Elf:2)
  2 soul eaters
  A storm dragon zombie (Depths:3)
  10 skeletal warriors
  A quicksilver dragon simulacrum (Coc:4)
  4 iron trolls
  A storm dragon skeleton (D:15)
  An orb spider (Spider:2)
  3 swamp dragons (Swamp:4)
  A spriggan druid (Swamp:4)
  A pharaoh ant (Spider:2)
  3 deep elf archers
  A glowing orange brain (Depths:2)
  A steelbarb worm (Spider:4)
  20 deep trolls
  2 wizards (Vaults:2)
  5 orc knights
  A spriggan simulacrum (Hell)
  A bog body (Crypt:2)
  2 tengu zombies (Depths:3)
  2 lindwurms
  4 ironbound convokers
  An iron giant skeleton (Crypt:3)
  5 wolf spiders
  A sphinx zombie (D:15)
  A phantasmal warrior (Crypt:3)
  2 shining eyes
  3 necromancers
  6 deep elf zephyrmancers
  2 deep elf pyromancers
  A frost giant zombie (D:15)
  15 ugly things
  2 salamanders (Depths:4)
  2 moths of wrath (Spider:4)
  A fire giant skeleton (Depths:3)
  9 vault sentinels
  2 rust devils
  An ice statue (IceCv)
  A titan simulacrum (Coc:1)
  A torpor snail (Spider:4)
  A catoblepas zombie (Crypt:1)
  4 rime drakes (IceCv)
  2 demonic crawlers
  A black draconian zombie (Crypt:3)
  A steelbarb worm zombie (Crypt:3)
  A freezing wraith (D:14)
  4 yaktaurs
  2 iron giant simulacra (Coc:4)
  2 guardian mummies (D:15)
  2 red devils (Depths:3)
  3 polar bears (IceCv)
  A troll (D:13)
  3 meliai (Spider:2)
  13 tarantellas
  3 hornets
  33 slime creatures
  2 tyrant leeches (Swamp:4)
  A stone giant simulacrum (Coc:5)
  7 culicivoras
  2 flying skulls
  7 jumping spiders
  A dire elephant simulacrum (Coc:2)
  2 spriggans
  2 wraiths
  3 yaks (IceCv)
  15 humans (D:13)
  An alligator snapping turtle simulacrum (Coc:1)
  17 redbacks
  4 vampire mosquitoes (D:14)
  A water nymph zombie (Crypt:3)
  A warg (D:15)
  3 harpy simulacra
  A swamp worm (Swamp:4)
  A hydra simulacrum (Hell)
  A two-headed ogre skeleton (Crypt:2)
  3 orc warriors
  A floating eye zombie (Crypt:3)
  4 wolves (IceCv)
  An ogre (Vaults:4)
  10 centaurs
  A necrophage (Crypt:2)
  A cyclops skeleton (Crypt:2)
  A wolf zombie (Crypt:2)
  An electric eel (D:14)
  A wolf skeleton (Crypt:1)
  A centaur skeleton (Crypt:1)
  A basilisk zombie (Crypt:1)
  An ogre zombie (Crypt:3)
  4 white imps (D:13)
  2 orcs (D:15)
  A giant cockroach (shapeshifter) (D:13)
  A quokka zombie (Crypt:1)
441 creatures vanquished.

Vanquished Creatures (others)
  2 shard shrike simulacra (Coc:5)
  A caustic shrike simulacrum (Coc:3)
  A swamp dragon (Swamp:4)
  An anaconda simulacrum (Coc:5)
  A bloated husk (Swamp:2)
  A human (Swamp:2)
  A warg (Orc:1)
  A harpy simulacrum (Coc:5)
  A hell hound (Depths:1)
  339 fire vortices
  10 foxfires (Swamp:4)
  55 fungi
  72 plants
  9 withered plants
495 creatures vanquished.

Grand Total: 2718 creatures vanquished

Notes
Turn   | Place    | Note
-------+----------+-------------------------------------------
     0 | D:1      | raistware the Octopode Conjurer began the quest for the
                  | Orb.
     0 | D:1      | Reached XP level 1. HP: 11/11 MP: 3/3
   185 | D:1      | Found Plog's Book Shoppe.
   331 | D:1      | Reached XP level 2. HP: 17/17 MP: 3/5
   557 | D:1      | Found Kioguc's Antique Armour Boutique.
   607 | D:1      | Reached skill level 3 in Spellcasting
   660 | D:1      | Found Junlaim's Antique Armour Shoppe.
   816 | D:1      | Found Cuklioh's Antique Weapon Emporium.
   951 | D:1      | Reached XP level 3. HP: 20/21 MP: 4/7
  1110 | D:1      | Found a faded altar of an unknown god.
  1301 | D:1      | Found Duid's Jewellery Boutique.
  1329 | D:2      | Identified the +2 mace "Ebruonas" {pain, rC+ rN+}
  1342 | D:2      | Noticed Terence
  1937 | D:2      | Killed Terence
  1938 | D:2      | Reached skill level 4 in Spellcasting
  1938 | D:2      | Reached XP level 4. HP: 5/27 MP: 3/10
  1943 | D:2      | Learned a level 4 spell: Iskenderun's Mystic Blast
  2281 | D:2      | Reached skill level 1 in Translocations
  2860 | D:3      | Reached XP level 5. HP: 31/31 MP: 7/11
  3793 | D:3      | Found a glowing golden altar of the Shining One.
  4057 | D:3      | Learned a level 5 spell: Irradiate
  4083 | D:4      | Reached skill level 5 in Conjurations
  4220 | D:4      | Noticed Blork the orc
  4289 | D:4      | Reached XP level 6. HP: 13/36 MP: 4/12
  4417 | D:4      | Found a staircase to the Ecumenical Temple.
  4545 | D:3      | Killed Blork the orc
  4546 | D:3      | Reached skill level 1 in Transmutations
  4786 | D:4      | Reached XP level 7. HP: 33/41 MP: 2/13
  5149 | D:4      | Reached skill level 5 in Spellcasting
  5355 | Temple   | Entered the Ecumenical Temple
  5458 | Temple   | Became a worshipper of Vehumet
  5703 | D:4      | Reached XP level 8. HP: 46/46 MP: 4/15
  6103 | D:5      | Entered Level 5 of the Dungeon
  6173 | D:5      | Found a sand-covered staircase.
  6191 | Ossuary  | Entered an ossuary
  6191 | Ossuary  | Noticed a wraith
  6191 | Ossuary  | Noticed a wraith
  6191 | Ossuary  | Noticed a wraith
  6432 | Ossuary  | Noticed a wraith
  6512 | Ossuary  | Killed a wraith
  6657 | D:5      | Noticed a yak
  6657 | D:5      | Noticed a yak
  6657 | D:5      | Noticed a yak
  6726 | D:5      | Found a shadowy altar of Dithmenos.
  6805 | D:5      | Found a runed translucent door.
  6911 | D:5      | Noticed PanSaczeczos's ghost (novice KoAK)
  7331 | D:5      | Killed a yak
  7332 | D:5      | Killed a yak
  7334 | D:5      | Killed a yak
  7652 | D:5      | Reached XP level 9. HP: 36/51 MP: 12/17
  7656 | D:5      | Reached * piety under Vehumet
  7656 | D:5      | Offered knowledge of Sandblast by Vehumet.
  7787 | D:5      | Reached skill level 10 in Conjurations
  8204 | D:6      | Found Pockar's Antique Weapon Emporium.
  8236 | D:6      | Found Huhukhlif's Magic Scroll Shoppe.
  8244 | D:6      | Bought a scroll of amnesia for 60 gold pieces
  8244 | D:6      | Bought 2 scrolls of noise for 30 gold pieces
  8390 | D:6      | Found Dablof's Armour Boutique.
  8433 | D:6      | Found Befogaof's Assorted Antiques.
  8436 | D:6      | Bought a bubbling golden potion for 22 gold pieces
  8436 | D:6      | Bought a scroll labelled HAOSHOIFIA for 25 gold pieces
  8436 | D:6      | Bought a scroll labelled XEAFFA RAWECH for 25 gold pieces
  8436 | D:6      | Bought a scroll labelled FOZXEOR CIMA for 25 gold pieces
  8436 | D:6      | Bought a small gilded ring for 125 gold pieces
  8634 | D:6      | Noticed Grinder
  8640 | D:6      | Paralysed by Grinder for 5 turns
  8649 | D:6      | Killed Grinder
  8759 | D:6      | Found Ukaot's Book Emporium.
  8828 | D:6      | Noticed Sigmund
  8834 | D:6      | Killed Sigmund
  8872 | D:6      | Found a snail-covered altar of Cheibriados.
  8873 | D:6      | Found a shimmering altar of Xom.
 10172 | D:7      | Noticed Pikel
 10244 | D:7      | Killed Pikel
 10245 | D:7      | Reached skill level 6 in Spellcasting
 10245 | D:7      | Reached XP level 10. HP: 34/56 MP: 3/19
 10657 | D:7      | Reached skill level 1 in Evocations
 10925 | D:7      | Found a hide-covered altar of Uskayaw.
 11115 | D:8      | Found Paleika's Magic Scroll Shop.
 11120 | D:8      | Reached skill level 1 in Fighting
 11183 | D:8      | Bought a scroll of teleportation for 48 gold pieces
 11183 | D:8      | Bought a scroll of fear for 64 gold pieces
 11653 | D:8      | Reached skill level 5 in Transmutations
 11749 | D:8      | Noticed Erica
 11762 | D:8      | Killed Erica
 11762 | D:8      | Offered knowledge of Freeze by Vehumet.
 11792 | D:8      | Reached ** piety under Vehumet
 11793 | D:8      | Reached skill level 7 in Spellcasting
 12294 | D:8      | Found Daluenwu's Book Shop.
 12692 | D:9      | Found a broken altar of Ashenzari.
 12951 | D:9      | Noticed an orange crystal statue
 13552 | D:9      | Noticed a two-headed ogre
 13830 | D:9      | Killed a two-headed ogre
 13831 | D:9      | Reached XP level 11. HP: 61/63 MP: 5/22
 14514 | D:10     | Entered Level 10 of the Dungeon
 14591 | D:10     | Noticed Urug
 14601 | D:10     | Killed Urug
 14602 | D:10     | Reached skill level 8 in Spellcasting
 15612 | D:10     | Noticed Harold
 15622 | D:10     | Killed Harold
 16005 | D:10     | Offered knowledge of Ignite Poison by Vehumet.
 16148 | D:11     | Reached *** piety under Vehumet
 16332 | D:11     | Noticed a purple ugly thing
 16570 | D:11     | Reached skill level 9 in Spellcasting
 16581 | D:11     | Reached XP level 12. HP: 29/68 MP: 10/25
 16583 | D:11     | Offered knowledge of Inner Flame by Vehumet.
 16764 | D:11     | Found a staircase to the Lair.
 16883 | D:11     | Found Edymimeo's Assorted Antiques.
 16890 | D:11     | Found Gevuggit's Magic Scroll Shoppe.
 16896 | D:11     | Bought a scroll labelled IMEOVV BISONI for 34 gold pieces
 16896 | D:11     | Bought a bubbling golden potion for 30 gold pieces
 16896 | D:11     | Bought a scroll labelled HAOSHOIFIA for 34 gold pieces
 16901 | D:11     | Bought a scroll of identify for 26 gold pieces
 16901 | D:11     | Bought a scroll of identify for 26 gold pieces
 16901 | D:11     | Bought a scroll of identify for 26 gold pieces
 16901 | D:11     | Bought a scroll of identify for 26 gold pieces
 16901 | D:11     | Bought a scroll of identify for 26 gold pieces
 16904 | D:11     | Identified a scroll of acquirement
 16919 | D:11     | Acquired the +1 hat of Ybby Hafuged {Int+2}
 17069 | D:11     | Found Wuamui's Antique Armour Shoppe.
 17091 | D:11     | Found Zyguaf's Antique Armour Emporium.
 17605 | D:12     | Noticed a two-headed ogre
 17607 | D:12     | Noticed a boulder beetle
 17612 | D:12     | Killed a two-headed ogre
 17613 | D:12     | Reached skill level 10 in Spellcasting
 17630 | D:12     | Killed a boulder beetle
 18192 | D:12     | Found Ryoppiant's Self-Improvement Boutique.
 18200 | D:12     | Reached **** piety under Vehumet
 18483 | D:12     | Offered knowledge of Conjure Flame by Vehumet.
 19351 | D:12     | Found a staircase to the Orcish Mines.
 19365 | D:12     | Noticed a boulder beetle
 19384 | D:12     | Killed a boulder beetle
 19586 | Lair:1   | Entered Level 1 of the Lair of Beasts
 20568 | Lair:1   | Reached XP level 13. HP: 79/79 MP: 27/27
 20572 | Lair:1   | Reached skill level 11 in Spellcasting
 20974 | Lair:2   | Reached skill level 15 in Conjurations
 21539 | Lair:2   | Found a hole to the Spider Nest.
 21877 | Lair:2   | Noticed Gastronok
 21930 | Lair:2   | Killed Gastronok
 22302 | Lair:3   | Reached ***** piety under Vehumet
 22305 | Lair:3   | Offered knowledge of Yara's Violent Unravelling by Vehumet.
 22824 | Lair:3   | Noticed Nergalle
 22831 | Lair:3   | Killed Nergalle
 23376 | Lair:3   | Reached skill level 12 in Spellcasting
 23639 | Lair:3   | Found a staircase to the Swamp.
 24122 | Lair:4   | Found a dark tunnel.
 24146 | Volcano  | Entered a volcano
 24238 | Volcano  | Reached skill level 5 in Dodging
 24284 | Volcano  | Reached skill level 5 in Fighting
 24922 | Lair:4   | Reached XP level 14. HP: 88/88 MP: 29/30
 25740 | Lair:4   | You fall into a shaft and drop 1 floor!
 25740 | Lair:5   | Entered Level 5 of the Lair of Beasts
 26984 | Lair:4   | Reached skill level 5 in Evocations
 27527 | Lair:5   | Found a staircase to the Slime Pits.
 27924 | Lair:5   | Reached skill level 1 in Shields
 28447 | Lair:5   | Offered knowledge of Olgreb's Toxic Radiance by Vehumet.
 28637 | Lair:4   | Learned a level 4 spell: Olgreb's Toxic Radiance
 28903 | Lair:5   | Reached skill level 1 in Throwing
 29118 | Lair:5   | Reached XP level 15. HP: 95/95 MP: 31/31
 29937 | Orc:1    | Entered Level 1 of the Orcish Mines
 30751 | Orc:2    | Entered Level 2 of the Orcish Mines
 30795 | Orc:2    | Found Seblad's Weapon Shoppe.
 31068 | Orc:2    | Offered knowledge of Freezing Cloud by Vehumet.
 31082 | Orc:2    | Reached skill level 5 in Shields
 31084 | Orc:2    | Paralysed by an orc sorcerer for 5 turns
 31283 | Orc:2    | Found Qoereug's General Store.
 31283 | Orc:2    | Found Useisch's Antique Weapon Shop.
 31596 | Orc:2    | Found Koecsyb's Armour Shop.
 31596 | Orc:2    | Found Diep's Book Emporium.
 31602 | Orc:2    | Bought a book of Ice for 506 gold pieces
 31925 | Orc:2    | Found a staircase to the Elven Halls.
 32310 | Orc:1    | Offered knowledge of Spellforged Servitor by Vehumet.
 32667 | Orc:1    | Learned a level 7 spell: Spellforged Servitor
 32673 | Orc:1    | Learned a level 5 spell: Freezing Cloud
 32683 | Orc:1    | Learned a level 9 spell: Polar Vortex
 32731 | Elf:1    | Entered Level 1 of the Elven Halls
 33010 | Elf:1    | Reached skill level 1 in Ice Magic
 33035 | Elf:1    | Reached skill level 13 in Spellcasting
 33847 | Elf:1    | Identified the ring "Qucwyah" {rN+++ Str-3 Int+4 Dex+5
                  | SInv}
 33934 | Elf:1    | Noticed Aizul
 33941 | Elf:1    | Killed Aizul
 34171 | Elf:1    | Reached XP level 16. HP: 63/104 MP: 24/33
 34175 | Elf:1    | HP: 3/104 [deep elf zephyrmancer/bolt of lightning (34)]
 34980 | Elf:1    | Found a runed translucent gate.
 34980 | Elf:1    | Found a runed translucent gate.
 34980 | Elf:1    | Found a runed translucent gate.
 34980 | Elf:1    | Found a runed translucent gate.
 34980 | Elf:1    | Found a runed translucent gate.
 34981 | Elf:1    | Found a runed translucent gate.
 34982 | Elf:1    | Noticed a storm dragon
 34982 | Elf:1    | Noticed a shadow dragon
 35206 | Elf:1    | Offered knowledge of Ozocubu's Refrigeration by Vehumet.
 35982 | D:5      | Killed PanSaczeczos's ghost
 36202 | D:6      | Bought a book of Party Tricks for 176 gold pieces
 36204 | D:6      | Learned a level 1 spell: Apportation
 36531 | Swamp:1  | Entered Level 1 of the Swamp
 36531 | Swamp:1  | Noticed a thorn hunter
 36543 | Swamp:1  | Killed a thorn hunter
 37598 | Swamp:1  | Reached skill level 14 in Spellcasting
 37599 | Swamp:1  | Reached skill level 5 in Ice Magic
 38124 | Swamp:2  | Noticed Mlioglotl
 38132 | Swamp:2  | Noticed a tentacled starspawn
 38134 | Swamp:2  | Killed Mlioglotl
 38378 | Swamp:2  | Noticed Kirke
 38385 | Swamp:2  | Killed Kirke
 38724 | Swamp:2  | Identified the ring "Qukkapt" {MP+9 Str+4 Int+4}
 38982 | Swamp:2  | HP: 5/105 [poison (poison gas)]
 40353 | Swamp:3  | Noticed a tentacled monstrosity
 40362 | Swamp:3  | Killed a tentacled monstrosity
 40491 | Swamp:3  | Reached XP level 17. HP: 109/109 MP: 35/35
 40830 | Swamp:4  | Entered Level 4 of the Swamp
 41135 | Swamp:4  | Noticed a tentacled monstrosity
 41143 | Swamp:4  | Killed a tentacled monstrosity
 41294 | Swamp:4  | Paralysed by a hornet for 1 turns
 41607 | Swamp:4  | Reached skill level 15 in Spellcasting
 41619 | Swamp:4  | Offered knowledge of Fireball by Vehumet.
 41896 | Swamp:4  | Reached ****** piety under Vehumet
 42399 | Swamp:4  | Got a decaying rune of Zot
 42664 | Swamp:4  | Identified the +9 hand axe of Cuomun {pain, rPois rCorr
                  | Dex+3}
 42940 | D:13     | Learned a level 5 spell: Fireball
 42970 | D:13     | Found a frozen archway.
 42983 | IceCv    | Entered an ice cave
 44126 | D:13     | Offered knowledge of Conjure Ball Lightning by Vehumet.
 44407 | D:13     | Identified the +0 arbalest of Fatigue {penet, Str+3 Int+3
                  | SInv}
 44417 | D:13     | Found a gate to the Vaults.
 44816 | D:14     | Found a burning altar of Makhleb.
 44828 | D:14     | Noticed Snorg
 44843 | D:14     | Killed Snorg
 44958 | D:14     | Reached XP level 18. HP: 93/116 MP: 37/37
 45092 | D:14     | Noticed Rupert
 45092 | D:14     | Paralysed by Rupert for 4 turns
 45097 | D:14     | Paralysed by Rupert for 2 turns
 45105 | D:14     | Killed Rupert
 45765 | D:14     | Reached skill level 16 in Spellcasting
 46143 | D:15     | Entered Level 15 of the Dungeon
 46427 | D:15     | Found a staircase to the Depths.
 46453 | D:15     | Offered knowledge of Fire Storm by Vehumet.
 46453 | D:15     | Offered knowledge of Shatter by Vehumet.
 46453 | D:15     | Offered knowledge of Ignition by Vehumet.
 46793 | D:15     | Found a runed translucent gate.
 46794 | D:15     | Found a runed translucent gate.
 46795 | D:15     | Found a runed translucent gate.
 46797 | D:15     | Noticed Yamstis's ghost (adept GnMo)
 46820 | D:15     | Identified Roxanne's Book of the Bull
 46820 | D:15     | Noticed Roxanne
 47954 | Elf:2    | Reached skill level 1 in Fire Magic
 48641 | Elf:2    | Reached skill level 10 in Dodging
 48745 | Elf:2    | Found a huge runed translucent gate.
 48745 | Elf:2    | Found a huge runed translucent gate.
 48745 | Elf:2    | Found a huge runed translucent gate.
 48748 | Elf:2    | Found a huge runed translucent gate.
 48748 | Elf:2    | Found a huge runed translucent gate.
 49148 | Elf:2    | Found Hoqoe's Jewellery Boutique.
 49148 | Elf:2    | Found Mimesch's Book Emporium.
 49149 | Elf:2    | Found Puapp's Jewellery Boutique.
 49743 | Elf:2    | Learned a level 9 spell: Fire Storm
 49763 | Elf:3    | Entered Level 3 of the Elven Halls
 51017 | Elf:3    | Noticed a Brimstone Fiend
 51561 | D:8      | Bought a book of Power for 672 gold pieces
 51655 | D:12     | Bought a manual of Dodging for 1040 gold pieces
 51939 | Elf:3    | Noticed a deep elf blademaster
 51946 | Elf:3    | Reached XP level 19. HP: 122/122 MP: 38/39
 51947 | Elf:3    | Reached skill level 17 in Spellcasting
 52127 | Elf:3    | Identified the +2 robe "Meerump" {Drain Int+2 Dex+8 Stlth+}
 52127 | Elf:3    | Identified the amulet "Qipna" {Acrobat Rampage rC- Str+4}
 52209 | Elf:3    | Reached skill level 5 in Fire Magic
 52790 | Elf:3    | Identified the +7 short sword of Balance {flame, rC+ Dex+3
                  | Stlth+}
 53809 | Elf:3    | Identified the +4 sling of the Abyss {venom, rN+}
 53812 | Elf:3    | Got the Reference Book on Vapour and the Arsonist
 53819 | Elf:3    | Identified the +0 robe "Trusted Companion" {-Cast rF+ rN+
                  | Dex+3}
 54173 | Spider:1 | Entered Level 1 of the Spider Nest
 54210 | Spider:1 | Noticed Donald
 54219 | Spider:1 | Killed Donald
 54386 | Spider:1 | Acquired 973 gold pieces
 54860 | Spider:1 | Identified the +5 great sword "Sololl" {vorpal, rElec Will-
                  | Dex+2}
 57742 | Spider:3 | Noticed Nikola
 57752 | Spider:3 | Killed Nikola
 57948 | Spider:4 | Entered Level 4 of the Spider Nest
 58273 | Spider:4 | Reached XP level 20. HP: 130/130 MP: 33/41
 59265 | Spider:4 | Reached skill level 18 in Spellcasting
 59391 | Spider:4 | Got a gossamer rune of Zot
 59629 | Spider:4 | Learned a level 8 spell: Ignition
 59837 | Vaults:1 | Entered Level 1 of the Vaults
 59861 | Vaults:1 | Reached skill level 10 in Fighting
 61935 | Vaults:1 | HP: 5/132 [ironbound thunderhulk/bolt of lightning (39)]
 62713 | Vaults:2 | Identified the amulet of Mutrikipn {Acrobat Int+7}
 62740 | Vaults:2 | Reached XP level 21. HP: 137/137 MP: 20/43
 63051 | Vaults:2 | Noticed a bone dragon
 63125 | Vaults:2 | Reached skill level 10 in Fire Magic
 64141 | Vaults:2 | Killed a bone dragon
 64161 | Vaults:2 | Found a staircase to the Crypt.
 64405 | Vaults:2 | Reached skill level 10 in Shields
 64614 | Vaults:3 | Reached skill level 19 in Spellcasting
 65003 | Vaults:3 | Found Hidwach's General Store.
 65013 | Vaults:3 | Found Elinewn's Jewellery Boutique.
 65072 | Vaults:3 | Found a portal to a secret trove of treasure.
 65341 | Vaults:3 | Found Vimu's Armour Shop.
 65616 | Vaults:3 | Found Geeqariru's Assorted Antiques.
 65619 | Vaults:3 | Bought a dented peridot amulet for 190 gold pieces
 65619 | Vaults:3 | Bought a potion of magic for 304 gold pieces
 65619 | Vaults:3 | Bought a potion of curing for 114 gold pieces
 65619 | Vaults:3 | Bought a potion of curing for 114 gold pieces
 66101 | Vaults:3 | Found Gaeh's Antique Weapon Boutique.
 66121 | Vaults:3 | Bought a crude dagger for 315 gold pieces
 66121 | Vaults:3 | Identified the +1 dagger of the Shrinking Saviour {drain,
                  | SInv} (You bought it in a shop on level 3 of the Vaults)
 66127 | Vaults:3 | Acquired 771 gold pieces
 66250 | Vaults:3 | Noticed an ancient lich
 66256 | Vaults:3 | Killed an ancient lich
 67202 | Vaults:4 | Reached XP level 22. HP: 143/143 MP: 36/45
 67549 | Vaults:4 | Identified the ring of Yte Gofu {Fire *Slow rPois rCorr
                  | Int-2}
 68148 | Depths:1 | Entered Level 1 of the Depths
 68156 | Depths:1 | Reached skill level 10 in Ice Magic
 68440 | Depths:1 | Found a gateway to Hell.
 68551 | Depths:1 | Found a flickering gateway to a bazaar.
 68569 | Bazaar   | Entered a bazaar
 68570 | Bazaar   | Found Gebriar's Antique Weapon Shoppe.
 68576 | Bazaar   | Found Ekhleot's Assorted Antiques.
 68584 | Bazaar   | Found Qudacloh's Antique Weapon Emporium.
 68619 | Bazaar   | Found Qaischyrgh's General Store.
 68650 | Bazaar   | Bought a glowing demon trident for 540 gold pieces
 68672 | Bazaar   | Bought a scroll of summoning for 266 gold pieces
 68672 | Bazaar   | Bought 2 potions of haste for 560 gold pieces
 68672 | Bazaar   | Bought a scroll of summoning for 266 gold pieces
 68672 | Bazaar   | Bought a heavily runed buckler for 266 gold pieces
 68672 | Bazaar   | Identified the +2 buckler of the Original Sin {Stlth+} (You
                  | bought it in a shop in a bazaar)
 68672 | Bazaar   | Acquired 387 gold pieces
 68682 | Bazaar   | Acquired 1010 gold pieces
 68691 | Bazaar   | Learned a level 6 spell: Iron Shot
 68713 | Bazaar   | Bought a scroll of butterflies for 32 gold pieces
 68713 | Bazaar   | Bought a scroll of teleportation for 24 gold pieces
 68938 | D:11     | Bought a scroll of acquirement for 676 gold pieces
 68938 | D:11     | Bought a scroll of enchant weapon for 97 gold pieces
 68938 | D:11     | Acquired 894 gold pieces
 68939 | D:11     | Acquired 616 gold pieces
 69275 | D:8      | Bought a scroll of acquirement for 832 gold pieces
 69275 | D:8      | Bought a scroll of enchant weapon for 120 gold pieces
 69275 | D:8      | Acquired 1056 gold pieces
 70013 | Vaults:3 | You paid a toll of a +8 demon trident to enter a treasure
                  | trove
 70014 | Trove    | Entered a treasure trove
 70022 | Trove    | Got Giugef's Guide on Snow
 70025 | Trove    | Got Noerch's Exposition on Gritty Jinxing
 70037 | Trove    | Got the Meditations on Twisted Shapes
 70043 | Trove    | Got Sif Muna's Guidebook on Flamy Charms
 70067 | Trove    | Got Utakones's Octavo of Direction
 70070 | Trove    | Got Sif Muna's Tome of Cloudy Striking
 70704 | D:15     | Killed Roxanne
 70861 | D:15     | Killed Yamstis's ghost
 70862 | D:15     | Reached skill level 20 in Spellcasting
 71486 | Depths:1 | Found Miurch's General Store.
 71486 | Depths:1 | Found Hotush's Jewellery Boutique.
 71489 | Depths:1 | Found Ofaent's Weapon Shop.
 71498 | Depths:1 | Bought a scroll of acquirement for 1092 gold pieces
 71499 | Depths:1 | Acquired 997 gold pieces
 71510 | Depths:1 | Bought the ring "Ochu" {rF+ Will+++ EV+4 Int+2 Stlth-} for
                  | 1696 gold pieces
 72336 | Depths:2 | Found a one-way gate to the infinite horrors of the Abyss.
 72362 | Depths:2 | Noticed a juggernaut
 72369 | Depths:2 | Killed a juggernaut
 72561 | Depths:2 | Identified the +5 great sword "Killer Klown's Death"
                  | {vorpal, Fly Will++ SInv}
 72592 | Depths:2 | Found the +8 orange crystal plate armour {Archmagi, Int+3
                  | Clar}
 72660 | Depths:2 | Found a sacrificial altar of Ru.
 72799 | Depths:2 | Found a one-way gate leading to the halls of Pandemonium.
 73317 | Depths:3 | Reached XP level 23. HP: 148/148 MP: 46/47
 73991 | Depths:3 | You fall into a shaft and drop 1 floor!
 73991 | Depths:4 | Entered Level 4 of the Depths
 73991 | Depths:4 | Found Zin's Purification Station.
 73994 | Depths:4 | Found a glowing silver altar of Zin.
 73997 | Depths:4 | Bought a potion of curing for 90 gold pieces
 74247 | Depths:4 | Noticed Mennas
 74250 | Depths:4 | Killed Mennas
 74370 | Depths:4 | Reached skill level 21 in Spellcasting
 74668 | Depths:3 | Killed Margery
 75317 | Hell     | Entered the Vestibule of Hell
 75566 | Crypt:1  | Entered Level 1 of the Crypt
 75578 | Crypt:1  | Reached skill level 1 in Summonings
 77051 | Crypt:2  | Reached XP level 24. HP: 130/155 MP: 32/48
 77131 | Crypt:2  | Noticed a dread lich
 77143 | Crypt:2  | Killed a dread lich
 77648 | Crypt:2  | Reached skill level 22 in Spellcasting
 77676 | Crypt:2  | Reached skill level 15 in Dodging
 78072 | Crypt:3  | Entered Level 3 of the Crypt
 78209 | Crypt:3  | Gained mutation: Your system is resistant to poisons.
                  | (rPois) [mutagenic glow]
 78997 | Crypt:3  | Found an ancient bone altar of Kikubaaqudgha.
 79000 | Crypt:3  | Found a basalt altar of Yredelemnul.
 79092 | Crypt:3  | Identified the +6 scale mail of the Blizzard {+Inv rF++
                  | rCorr SInv}
 79481 | Crypt:3  | Found a staircase to the Tomb.
 79807 | Slime:1  | Entered Level 1 of the Pits of Slime
 80092 | Slime:3  | Noticed Dissolution
 80097 | Slime:3  | Killed Dissolution
 80709 | Slime:4  | Reached XP level 25. HP: 144/162 MP: 45/49
 80884 | Slime:5  | Entered Level 5 of the Pits of Slime
 80964 | Slime:5  | Gained mutation: Your spells are a little easier to cast,
                  | but a little less powerful. [a shining eye]
 81095 | Slime:5  | Noticed the Royal Jelly
 81148 | Slime:5  | Reached skill level 23 in Spellcasting
 81185 | Slime:5  | Found a viscous altar of Jiyva.
 81268 | Slime:5  | Killed the Royal Jelly
 81301 | Slime:5  | Got a slimy rune of Zot
 81309 | Slime:5  | Identified the +5 short sword of Fee Simple {chaos, Str+6
                  | Int+3}
 81328 | Slime:5  | Identified the +4 plate armour of Action {Slay+3}
 81340 | Slime:5  | Identified the +7 morningstar "Octopus's Peril" {speed,
                  | Int+3}
 81363 | Slime:5  | Identified the +5 spear of Bile {distort, rN+ Int+4}
 81365 | Slime:5  | Identified the +10 demon trident of Fecvoif {vamp, rPois
                  | Dex+3}
 81976 | Depths:1 | Bought a potion of curing for 63 gold pieces
 81976 | Depths:1 | Bought a potion of curing for 63 gold pieces
 82379 | Depths:4 | Found a one-way gateway to a ziggurat.
 82661 | Depths:4 | Found a gate to the Realm of Zot.
 83043 | Depths:4 | Learned a level 2 spell: Blink
 83055 | Hell     | Noticed Geryon
 83056 | Hell     | Reached skill level 15 in Fire Magic
 83230 | Hell     | Killed Geryon
 83240 | Hell     | Reached skill level 15 in Ice Magic
 83289 | Hell     | Found a gateway to the freezing wastes of Cocytus.
 83469 | Hell     | Found a gateway to the Iron City of Dis.
 83559 | Hell     | Found a gateway to the ashen valley of Gehenna.
 83681 | Hell     | Found a gateway to the decaying netherworld of Tartarus.
 83785 | Hell     | Lost mutation: Your system is resistant to poisons. (rPois)
                  | [potion of mutation]
 83785 | Hell     | Lost mutation: Your spells are a little easier to cast, but
                  | a little less powerful. [potion of mutation]
 83785 | Hell     | Gained mutation: You sometimes lose your temper in combat.
                  | [potion of mutation]
 83885 | Coc:1    | Entered Level 1 of Cocytus
 84260 | Coc:2    | You fall into a shaft and drop 1 floor!
 84612 | Coc:4    | Reached XP level 26. HP: 97/113 MP: 34/50
 84843 | Coc:5    | Noticed a shard shrike
 84844 | Coc:5    | Noticed a shard shrike
 84845 | Coc:5    | Killed a shard shrike
 84846 | Coc:5    | Noticed a shard shrike
 84847 | Coc:5    | Killed a shard shrike
 84848 | Coc:5    | Killed a shard shrike
 84848 | Coc:5    | Killed from afar by a wendigo

Illustrated notes

Levels and vault maps discovered:
D:1:      lemuel_arrival_hallway, layout_basic,
          shapermc_ecumenical_altar_mp_highgroup, serial_shops,
          nicolae_lakefront_shop, shop, nicolae_lakefront_shop,
          nicolae_shop_trees, nicolae_shop_temple_entry_statues_fountains,
          bh_walls_and_bars
D:2:      layout_rooms, uniq_terence
D:3:      layout_basic, tso_altar
D:4:      layout_loops_ring, temple_pool_b, serial_undead, serial_undead_d,
          serial_undead_f, serial_undead_f, serial_undead_e, uniq_blork_the_orc
D:5:      minmay_chambers_of_threes, layout_basic,
          nicolae_dithmenos_shadow_blocks, ebering_ghost_reflecting_pool,
          enter_ossuary_3, minmay_misc_feat_tower
D:6:      layout_layer_cave, nicolae_overflow_two_pavilions, serial_shops,
          kennysheep_mini, nicolae_shop_hallway_stairs,
          nicolae_shop_behind_doors, nicolae_shop_hallway_stairs, shop_coins,
          nicolae_figureground_pulse, uniq_sigmund, uniq_grinder
D:7:      layout_basic, nicolae_uskayaw_suspiria, uniq_pikel
D:8:      minmay_recursive_quarters, layout_loops_ring, nicolae_stop_n_shop_1,
          minivault_10, kennysheep_windowed_goal, uniq_erica
D:9:      layout_roguey, evilmike_ruin_ashenzari, minmay_protected_statue
D:10:     layout_stronghold, minmay_holes, minivault_1, uniq_urug, uniq_harold
D:11:     layout_cave_pods, due_lair_maze_entry_diamond, serial_shops, shop,
          nicolae_shop_temple_entry_statues_fountains, nicolae_shop_crystal,
          nicolae_diamond_shop
D:12:     layout_basic, hiddenorc1_lemuel, nicolae_shop_self_help
D:13:     layout_irregular_city, grunt_vaults_entry_tiered,
          portal_ice_cave_entry_imps
D:14:     layout_basic, chequers_serial_rivers_room_a, bloody_makhleb,
          uniq_snorg, uniq_rupert
D:15:     gammafunk_depths_entry_grave, layout_grid_maze,
          gammafunk_ghost_necromancy, uniq_roxanne
Temple:   eino_temple_scatter_basement
Lair:1:   layout_misc_corridors
Lair:2:   layout_cave_shapes, spider_nest_entry_a, uniq_gastronok
Lair:3:   layout_long_grid, palyth_hydra_swamp_entry, st_stairs_6,
          nicolae_quartered_pool_super, uniq_nergalle
Lair:4:   dreamdust_cave_troll, layout_cave_pods, enter_volcano_3,
          serial_bayou_shore_a, grunt_megastairs_2
Lair:5:   minmay_lair_end_enchanted_forest, layout_long_grid, slime_entry_1,
          lemuel_fruit_fields
Swamp:1:  layout_basic_swamp, nicolae_swamp_little_swirl, swamp_pool1
Swamp:2:  nicolae_swamp_tree_isthmus, layout_basic_swamp,
          evilmike_swamp_ruin_house_5, infiniplex_staircase_pool,
          uniq_mlioglotl, uniq_kirke
Swamp:3:  layout_basic_swamp, evilmike_swamp_ruin_house_4
Swamp:4:  swamp_alternative, layout_basic_swamp
Spider:1: layout_spider_delve, uniq_donald
Spider:2: layout_spider_delve
Spider:3: layout_spider_delve, uniq_nikola
Spider:4: grunt_spider_rune_parallel
Slime:1:  layout_caves, cheibrodos_slime_lost_civilization_5
Slime:2:  layout_caves
Slime:3:  layout_caves, uniq_dissolution
Slime:4:  layout_caves
Slime:5
Orc:1:    dreamdust_under_siege, layout_caves
Orc:2:    st_orc_town, layout_caves, serial_shops,
          nicolae_shop_bloodbath_and_beyond
Elf:1:    minmay_elf_arrival_plus, layout_geoelf_octagon, orc_legates,
          minivault_25, minmay_the_grid_square_5x5_3x3_mashed
          [minmay_the_grid_square_5x5_tie, minmay_the_grid_square_5x5_percent,
          minmay_the_grid_square_5x5_empty, minmay_the_grid_square_5x5_fat_x,
          minmay_the_grid_square_5x5_megaprize_checkered,
          minmay_the_grid_square_5x5_two_walls_a,
          minmay_the_grid_square_5x5_minibox,
          minmay_the_grid_square_5x5_six_small,
          minmay_the_grid_square_5x5_moneybag], uniq_aizul
Elf:2:    elven_hall_of_blades_hangedman_alternative
          [mumra_blade_entry_bloodbath], layout_gridlike, grunt_megastairs_1,
          minmay_shop_grove
Elf:3:    elf_hall, layout_loops_ring
Vaults:1: v_pattern_3, vaults_dpeg_hooks, hangedman_vaults_stretched_pinwheel,
          kb_rosetta, vaults_room_ringed_pool, nicolae_vaults_little_squares_1,
          hangedman_vaults_capsules, vaults_mumra_chevron, vaults_dpeg_diagonal,
          vaults_room_pool, vaults_mumra_hex, ontoclasm_vaults_claustrophobia,
          hangedman_vaults_locks, v_misc_8, layout_vaults_maze_snakey
Vaults:2: vaults_dpeg_encased_lava, vaults_room_pools, ontoclasm_vaults_eye,
          nicolae_vaults_triangles, hangedman_vaults_stream,
          minmay_crypt_entry_nasty_monster, nicolae_vaults_network_quinsquares
          [nicolae_vaults_network_quincunx_subvault,
          nicolae_vaults_network_quincunx_subvault,
          nicolae_vaults_network_quincunx_subvault,
          nicolae_vaults_network_quincunx_subvault], hangedman_vaults_stitches,
          ontoclasm_vaults_twist, hangedman_vaults_hat,
          nicolae_vaults_diagonal_hallway_9, vaults_room_semicircle,
          vaults_room_pools, layout_vaults_big_cross
Vaults:3: grunt_vaults_hallway_short, nicolae_vaults_halls_meeting,
          nicolae_vaults_back_hallway, nicolae_vaults_circle_grid_a, v_rooms_1,
          nicolae_vaults_little_squares_4, vaults_dpeg_emergency_exit,
          vaults_room_fours, grunt_vaults_funnel, grunt_vaults_trifunnel,
          ontoclasm_vaults_chip, layout_vaults_big_room, serial_shops,
          nicolae_shop_trees, shop_fountains, nicolae_shop_hallway_plus,
          nicolae_shop_crystal, nicolae_shop_trees, enter_trove_3
Vaults:4: vaults_dpeg_doors, grunt_vaults_funneled_arena,
          vaults_mumra_minichess_inversion, v_misc_23, vaults_room_fours,
          nicolae_vaults_shelves_hall, vaults_mumra_hexcomb,
          vaults_room_door_ring, layout_vaults_omnibox
Crypt:1:  layout_basic
Crypt:2:  layout_chaotic_city, st_stairs_1, grunt_ministairs_13,
          unseen_surprise_small
Crypt:3:  lightli_unholy_cathedral, layout_chaotic_city,
          nicolae_tomb_entry_rubble_hallway
Depths:1: layout_twisted_cross, serial_shops, bzr_entry_dummy,
          nicolae_hell_entry_hellmouth_sunbeams, nrook_pool_corridor,
          lightli_corner_chamber, minmay_shop_star
Depths:2: minmay_triangles_in_corner, layout_gridville, nicolae_ru_awakened_eye,
          pf_coc_iceberg, rand_demon_pan_entry_8, abyss_entry,
          grunt_ministairs_4, infiniplex_staircase_pillars_1
Depths:3: hangedman_screamer, layout_gridville, rand_demon_pan_entry_1,
          abyss_entry, minmay_misc_feat_iff, hell_entry, minivault_22,
          hellmonk_bongcloud_opening, kennysheep_just_a_vault, uniq_margery
Depths:4: grunt_zot_entry_tricorne, layout_basic, enter_ziggurat_f, hell_entry,
          serial_co_window_serial, co_window_paths_a, co_window_corner_a,
          co_window_corner_a, co_window_paths_a, co_window_of_opportunity_a,
          co_window_of_opportunity_b, co_window_paths_c,
          co_window_of_opportunity_b, co_window_corner_b, glass_columns_b,
          glass_columns_c, glass_columns_b, glass_columns_a, zin_purify,
          uniq_mennas
Hell
Coc:1:    layout_cocytus_water_paths
Coc:2:    layout_ice_bergs
Coc:3:    layout_cocytus_water_paths
Coc:4:    layout_ice_bergs, serial_ice, serial_ice_a
Coc:5:    layout_cocytus_water_paths

Skill      XL: |  1  2  3  4  5  6  7  8  9 10 11 12 13 14 15 16 17 18 19 20 21 22 23 24 25 |
---------------+----------------------------------------------------------------------------+-----
Spellcasting   | 3 4 5 6 7 9 10 12 13 14 15 16 17 18 19 20 21 22 23 | 23.5
Translocations | 1 2 3 |  3.0
Conjurations   | 5 6 7 9 12 13 14 16 17 18 19 20 21 22 | 22.0
Stealth        | 3 4 |  4.0
Transmutations | 2 3 4 6 8 |  8.0
Evocations     | 1 4 6 8 |  8.0
Fighting       | 1 4 5 6 7 8 9 10 11 | 11.3
Dodging        | 3 4 5 6 8 9 10 12 13 14 15 | 15.5
Shields        | 4 6 9 10 12 13 14 | 14.4
Throwing       | 2 4 |  4.0
Ice Magic      | 3 6 8 9 11 12 14 15 | 15.5
Fire Magic     | 4 6 9 12 13 14 15 | 15.0
Summonings     | 1 2 |  2.0

Action                   |  1- 3 |  4- 6 |  7- 9 | 10-12 | 13-15 | 16-18 | 19-21 | 22-24 | 25-27 || total
-------------------------+-------+-------+-------+-------+-------+-------+-------+-------+-------++-------
Melee: Unarmed           |     4 |    17 |       |       |       |       |       |       |       ||    21
       Tentacles         |     2 |     6 |    23 |    46 |    40 |    20 |    35 |    10 |     3 ||   185
       Constrict         |     1 |     7 |    27 |    32 |    24 |    15 |    21 |     6 |     1 ||   134
       Short sword       |       |     9 |    95 |   149 |    64 |       |       |       |       ||   317
       Punch             |       |       |     2 |     1 |     1 |       |     3 |     2 |       ||     9
       Staff             |       |       |       |       |    50 |    47 |    76 |    33 |     9 ||   215
       Hand axe          |       |       |       |       |       |    21 |    13 |       |       ||    34
Throw: Dart              |     8 |     7 |     8 |     3 |    12 |       |       |       |       ||    38
       Javelin           |       |       |       |     5 |       |       |       |       |       ||     5
       Throwing net      |       |       |       |       |       |     1 |     1 |       |       ||     2
 Cast: Magic Dart        |    66 |   115 |   136 |   137 |   100 |    35 |     8 |       |       ||   597
       Iskenderun's Myst |       |     5 |    23 |   119 |   272 |   176 |    74 |    25 |     5 ||   699
       Irradiate         |       |       |     1 |    43 |    74 |    46 |    62 |    13 |     6 ||   245
       Olgreb's Toxic Ra |       |       |       |       |    29 |     9 |       |       |       ||    38
       Freezing Cloud    |       |       |       |       |    10 |   144 |   135 |     9 |     5 ||   303
       Apportation       |       |       |       |       |       |    36 |    73 |     2 |     1 ||   112
       Spellforged Servi |       |       |       |       |       |    63 |    97 |    86 |    27 ||   273
       Fireball          |       |       |       |       |       |    14 |    10 |     3 |       ||    27
       Ignition          |       |       |       |       |       |       |     7 |       |       ||     7
       Fire Storm        |       |       |       |       |       |       |    45 |   186 |    60 ||   291
       Iron Shot         |       |       |       |       |       |       |       |    59 |    43 ||   102
       Polar Vortex      |       |       |       |       |       |       |       |       |     2 ||     2
Evoke: Wand              |       |     4 |    12 |    19 |    11 |     4 |     8 |     6 |       ||    64
  Use: Scroll            |     1 |       |       |    21 |     5 |     7 |     7 |    15 |       ||    56
       Potion            |       |       |       |     5 |     7 |     9 |     8 |     1 |     2 ||    32
 Stab: Sleeping          |       |       |     2 |     8 |     3 |     4 |     1 |       |       ||    18
       Paralysed         |       |       |       |    15 |     6 |       |     7 |       |       ||    28
       Distracted        |       |       |       |     1 |     1 |       |     2 |       |       ||     4
Armor: Skin              |       |     6 |    16 |    21 |    16 |     4 |     6 |     2 |       ||    71
Dodge: Dodged            |     2 |    30 |    79 |   135 |   201 |   141 |   127 |    72 |    48 ||   835
Block: Buckler           |       |       |       |       |    45 |   101 |   100 |     4 |       ||   250
       Reflection        |       |       |       |       |       |    29 |    26 |     3 |     3 ||    61
       Kite shield       |       |       |       |       |       |       |       |    64 |    47 ||   111
